 Dungeon Crawl Stone Soup version 0.17.2-1-ge4368a0 (webtiles) character file.

22723 Goblin1989 the Basher (level 12, 92/92 HPs)
             Began as a Demonspawn Wanderer on Oct 27, 2016.
             Was an Initiate of Gozag.
             Quit the game on level 4 of the Orcish Mines on Oct 28, 2016.
             The game lasted 00:58:04 (15092 turns).

Goblin1989 the Basher (Demonspawn Wanderer)        Turns: 15092, Time: 00:58:05

Health: 92/92      AC: 23    Str: 23    XL:     12   Next: 65%
Magic:  24/24      EV: 12    Int: 13    God:    Gozag
Gold:   1070       SH:  4    Dex: 11    Spells: 0 memorised, 15 levels left

rFire  + . .     SeeInvis .     b - +2 flail (protect)
rCold  + + .     Clarity  .     i - +2 ring mail of Intuition {MR+ Regen+ MP+9 Stlth+}
rNeg   . . .     SustAt   .     D - +0 buckler
rPois  .         Gourm    .     O - +2 helmet {rF+}
rElec  .         Spirit   .     s - +0 cloak
rCorr  .         Warding  .     (no gloves)
rMut   .         Stasis   .     l - +0 pair of boots
MR     +....                    (no amulet)
Stlth  ++........               (no ring)
                                w - +3 ring of strength

@: somewhat resistant to hostile enchantments, unstealthy
A: talons 2, icy blue scales 3, cold resistance 1, spiny 1, freezing cloud
immunity
a: Potion Petition, Call Merchant, Bribe Branch, Renounce Religion


You were on level 4 of the Orcish Mines.
You worshipped Gozag.
Gozag was noncommittal.
You were not hungry.

You visited 2 branches of the dungeon, and saw 15 of its levels.
You also visited: Bailey and Volcano.

You collected 3871 gold pieces.
You spent 368 gold pieces at shops.
You paid 2433 gold pieces to Gozag.

Inventory:

Hand Weapons
 a - a +2 hand crossbow
 b - a +2 flail of protection (weapon)
Missiles
 k - 82 bolts
 C - 30 bolts of flame
 N - 8 poisoned bolts
Armour
 i - the +2 ring mail of Intuition (worn) {MR+ Regen+ MP+9 Stlth+}
   (You found it on level 7 of the Dungeon)

   It affects your resistance to hostile enchantments.
   It affects your magic capacity (+9).
   It increases your rate of regeneration.
   It makes you more stealthy.
 l - a +0 pair of boots (worn)
 s - a +0 cloak (worn)
 D - a +0 buckler (worn)
 K - a +0 plate armour
 O - a +2 helmet of fire resistance (worn)
Jewellery
 w - a +3 ring of strength (left hand)
Wands
 d - a wand of fireball (6)
 m - a wand of flame (22)
 p - a wand of magic darts (26)
 q - a wand of hasting (3) {!v, @v3}
 t - a wand of random effects (9)
 y - a wand of draining (1)
 G - a wand of teleportation (0) {!v, @v4}
 H - a wand of slowing (15)
 J - a wand of cold (9)
 L - a wand of lightning (3)
Scrolls
 c - a scroll of summoning {unknown}
 h - 3 scrolls of fear
 j - a scroll of fog
 n - 5 scrolls of enchant weapon
 r - 6 scrolls of remove curse {@r2}
 v - a scroll of immolation {unknown}
 B - a scroll of blinking
 I - a scroll of recharging {unknown}
 R - a scroll of identify {@r1}
 T - 5 scrolls of teleportation {!r, @r4}
Potions
 g - 2 potions of cancellation
 u - 8 potions of curing {@q1}
 z - 4 potions of magic
 A - 3 potions of agility
 E - a potion of flight
 M - 3 potions of berserk rage {!q}
Miscellaneous
 o - a phantom mirror
Comestibles
 e - 8 bread rations {@e1}
 f - 3 slices of pizza
 x - a meat ration {@e2}


   Skills:
 + Level 7.9 Fighting
 * Level 14.3(14.4) Maces & Flails
   Level 1.5(9.7) Staves
 - Level 1.7 Crossbows
 + Level 7.4 Armour
 - Level 6.0 Dodging
 - Level 1.0 Stealth
 + Level 4.2 Shields
 - Level 2.0 Spellcasting
   Level 2.0 Conjurations
   Level 1.0 Hexes
 - Level 1.0 Evocations


You had 15 spell levels left.
You didn't know any spells.

Dungeon Overview and Level Annotations

Branches:
Dungeon (12/15)            Temple (0/1) D:6            Lair (0/8) D:11
    Orc (4/4) D:9
    Elf: Orc:3-4

Altars:
Ashenzari
Gozag
Kikubaaqudgha
Nemelex Xobeh
Qazlal
Trog
Vehumet
Yredelemnul
Zin
The Shining One

Shops:
D:6 [   D:11 [


Innate Abilities, Weirdness & Mutations

You have razor-sharp toenails.
You are completely covered in icy blue scales (AC +4, EV -1, rC+).
Your flesh is cold resistant.
You are partially covered in sharp spines.
You are immune to freezing clouds.


Message History

a leather armour; a short sword You now have 1042 gold pieces (gained 6).
You now have 1048 gold pieces (gained 6).
Things that are here:
a dagger; a robe You now have 1064 gold pieces (gained 16).
You now have 1070 gold pieces (gained 6).
Things that are here:
a trident; a leather armour
Things that are here:
a dagger; a robe You see here a hand axe.
You see here a hand axe.
You see here a falchion.
Things that are here:
a dagger; a robe; a dagger Welcome back, Goblin1989 the Demonspawn Wanderer.
Gozag says: Greed is good.
Press ? for a list of commands and other information.
Are you sure you want to abandon this character and quit the game? (Confirm with "yes".) ▓▓▓ ██....████....... ██.▓██.█.███ ████.... █..·█.....█ ██.█. ██..███...██ █████ █....█....██ ██.█.. ▓█.......█.██ ███..... █..........█ █...$... ██...)....██ ███...$$. ████@█..█████.█...... ██)██████.......... ██))███

█.......$.██
█.[)..█▓██........█
██..)..█▓·█........█
█......██..██......█▓
██.......██▓▓██.....█·
█....[....█ ▓█......·
██.......██ ▓........


There were no monsters in sight!

Vanquished Creatures
  A centaur warrior (Volcano)
  3 skeletal warriors (D:12)
  3 hill giants
  A necromancer (D:10)
  An orc knight (Orc:4)
  Joseph (D:7)
  A yaktaur (Volcano)
  A troll (D:11)
  2 two-headed ogres (D:9)
  A wyvern (D:9)
  A wraith (D:10)
  A deep elf fighter (D:11)
  5 yaks
  A human (D:7)
  3 fire bats (Orc:4)
  A hog (D:7)
  2 hippogriffs
  3 vampire mosquitoes (D:12)
  A swamp drake (D:9)
  A wasp (D:8)
  3 ice beasts
  6 sky beasts
  18 orc warriors
  2 black bears
  6 ogres
  12 centaurs
  A big kobold (D:8)
  3 crocodiles
  A wyvern zombie (D:8)
  3 giant frogs
  3 gnoll sergeants
  A wyvern skeleton (D:6)
  4 scorpions
  10 killer bees (D:7)
  4 wights (D:12)
  3 electric eels (D:11)
  2 giant frog zombies
  2 jellies
  8 crimson imps
  21 orc wizards
  2 centaur skeletons (D:12)
  2 giant frog skeletons
  3 hounds
  3 iguanas
  11 worker ants
  20 orc priests
  A polar bear simulacrum (D:10)
  2 yak simulacra (D:10)
  2 sheep (D:7)
  6 wolf simulacra (D:10)
  The ghost of ololoev the Skirmisher, a weakling DsFi (D:4)
  3 hound skeletons
  A worker ant zombie (D:11)
  27 gnolls
  2 river rats (D:11)
  12 adders
  4 shadow imps
  2 oozes
  An adder skeleton (D:6)
  5 worms
  4 giant geckos
  90 orcs
  14 bats
  2 bat zombies (D:3)
  4 giant cockroaches
  17 hobgoblins
  9 jackals
  24 kobolds
  6 quokkas
  A ball python (D:4)
  A giant gecko skeleton (D:4)
  A giant gecko zombie (D:7)
  6 giant newts
  12 goblins
  A goblin skeleton (D:5)
  A goblin zombie (D:5)
  A hobgoblin zombie (D:5)
  A jackal zombie (D:8)
  3 kobold zombies (D:5)
  2 orc zombies (D:5)
  20 rats
  2 rat zombies (D:3)
  2 river rat simulacra (D:10)
481 creatures vanquished.

Vanquished Creatures (others)
  An orc priest (Orc:4)
  An orc wizard (D:4)
  A rat (D:11)
  A plant (D:11)
4 creatures vanquished.

Grand Total: 485 creatures vanquished

Notes
Turn   | Place    | Note
--------------------------------------------------------------
     0 | D:1      | Goblin1989 the Demonspawn Wanderer began the quest for the Orb.
     0 | D:1      | Goblin1989 set off with: a +2 hand crossbow, 21 bolts, Sethros's Grimoire of the Volcanoes, a +0 robe, a bread ration {@e1}
     0 | D:1      | Reached XP level 1. HP: 13/13 MP: 3/3
     0 | D:1      | Identified Sethros's Grimoire of the Volcanoes
    96 | D:1      | Reached skill level 1 in Fighting
   210 | D:1      | Gained mutation: You are partially covered in icy blue scales (AC +1). [demonic ancestry]
   210 | D:1      | Reached XP level 2. HP: 21/21 MP: 5/5
   303 | D:1      | Reached skill level 1 in Maces & Flails
   734 | D:2      | Gained mutation: You are partially covered in sharp spines. [demonic ancestry]
   734 | D:2      | Reached XP level 3. HP: 26/26 MP: 6/6
   783 | D:2      | Found a glowing silver altar of Zin.
   944 | D:2      | Found a faded altar to an unknown god.
  1022 | D:2      | Gained mutation: You are mostly covered in icy blue scales (AC +3, EV -1). [demonic ancestry]
  1022 | D:2      | Reached XP level 4. HP: 32/32 MP: 7/7
  1199 | D:2      | Reached skill level 3 in Maces & Flails
  1620 | D:3      | Found an ancient bone altar of Kikubaaqudgha.
  1766 | D:3      | Found an opulent altar of Gozag.
  1775 | D:3      | Became a worshipper of Gozag Ym Sagoz the Greedy
  2048 | D:3      | Found a bloodstained altar of Trog.
  2577 | D:4      | Reached skill level 4 in Maces & Flails
  2577 | D:4      | Gained mutation: You have sharp toenails. [demonic ancestry]
  2577 | D:4      | Reached XP level 5. HP: 37/37 MP: 8/8
  2741 | D:4      | Noticed ololoev's ghost (weakling DsFi)
  2749 | D:4      | Killed ololoev's ghost
  2977 | D:4      | Reached skill level 5 in Maces & Flails
  3004 | D:4      | Reached XP level 6. HP: 43/43 MP: 9/9
  3031 | D:4      | Noticed a centaur
  3052 | D:4      | Killed a centaur
  3651 | D:5      | Entered Level 5 of the Dungeon
  3666 | D:5      | Reached skill level 6 in Maces & Flails
  3756 | D:5      | Reached XP level 7. HP: 14/48 MP: 10/10
  4107 | D:5      | Found a stormy altar of Qazlal.
  4120 | D:5      | Found a sparkling altar of Nemelex Xobeh.
  4162 | D:5      | Found a glowing golden altar of the Shining One.
  4253 | D:5      | Reached skill level 7 in Maces & Flails
  4730 | D:6      | Found Olafo's Armour Shoppe.
  4844 | D:6      | Found a basalt altar of Yredelemnul.
  5056 | D:6      | Reached skill level 8 in Maces & Flails
  5076 | D:6      | Gained mutation: Your flesh is cold resistant. [demonic ancestry]
  5076 | D:6      | Reached XP level 8. HP: 39/54 MP: 11/11
  5248 | D:6      | Found a staircase to the Ecumenical Temple.
  5350 | D:6      | Reached skill level 9 in Maces & Flails
  5803 | D:7      | Reached skill level 10 in Maces & Flails
  6123 | D:7      | Noticed Joseph
  6136 | D:7      | Killed Joseph
  6136 | D:7      | Gained mutation: You are immune to freezing clouds. [demonic ancestry]
  6136 | D:7      | Reached XP level 9. HP: 23/60 MP: 12/12
  6313 | D:7      | Reached skill level 11 in Maces & Flails
  6399 | D:7      | Reached skill level 1 in Dodging
  6965 | D:7      | Got a fine ring mail
  6976 | D:7      | Identified the +2 ring mail of Intuition {MR+ Regen+ MP+9 Stlth+} (You found it on level 7 of the Dungeon)
  7450 | D:8      | Reached XP level 10. HP: 38/70 MP: 13/13
  7491 | D:8      | Got a crude ring mail
  7526 | D:8      | Found a flagged portal.
  7538 | Bailey   | Entered a bailey
  7549 | Bailey   | Identified the cursed +0 ring mail of the Wilderness {rN+ Dex+2} (You found it on level 8 of the Dungeon)
  8118 | D:8      | Paralysed by a wasp for 1 turns
  8362 | D:8      | Reached skill level 12 in Maces & Flails
  8543 | D:8      | Reached skill level 5 in Fighting
  8543 | D:8      | Reached skill level 13 in Maces & Flails
  8543 | D:8      | Reached skill level 5 in Armour
  8543 | D:8      | Reached skill level 5 in Dodging
  8543 | D:8      | Gained mutation: You have razor-sharp toenails. [demonic ancestry]
  8543 | D:8      | Reached XP level 11. HP: 75/81 MP: 14/14
  8957 | D:9      | Found a staircase to the Orcish Mines.
  9033 | D:9      | HP: 3/81 [orc warrior/long sword (16)]
  9526 | D:10     | Entered Level 10 of the Dungeon
  9611 | D:10     | Got a shimmering lajatang
  9612 | D:10     | Identified the +4 lajatang of the Eleven Beggars {flame, Int+3} (You found it on level 10 of the Dungeon)
  9625 | D:10     | Noticed a hill giant
  9659 | D:10     | Killed a hill giant
  9659 | D:10     | Reached skill level 1 in Staves
 10401 | D:10     | Reached skill level 1 in Shields
 10528 | D:10     | Noticed a necromancer
 10538 | D:10     | Killed a necromancer
 10731 | D:11     | Found a shattered altar of Ashenzari.
 11039 | D:11     | Found a staircase to the Lair.
 11203 | D:11     | Found Ireqi's Armour Emporium.
 11220 | D:11     | Bought a +0 plate armour for 368 gold pieces
 11237 | D:11     | Noticed a hill giant
 11248 | D:11     | Killed a hill giant
 11410 | D:11     | Gained mutation: You are completely covered in icy blue scales (AC +4, EV -1, rC+). [demonic ancestry]
 11410 | D:11     | Reached XP level 12. HP: 89/89 MP: 15/15
 12330 | D:12     | Found a radiant altar of Vehumet.
 12806 | D:12     | Chiseanne: I would wear that ring mail..better ev + regen
 13275 | D:12     | Reached skill level 14 in Maces & Flails
 14079 | Orc:1    | Entered Level 1 of the Orcish Mines
 14080 | Orc:1    | Chiseanne: and also it doesnt make any sense to be hungry with a gozakian
 14083 | Orc:1    | You fall through a shaft!
 14176 | Orc:2    | Goblin1989: I like this god.
 14198 | Orc:2    | Chiseanne: sign..my favorite
 14276 | Orc:2    | You fall through a shaft for 2 floors!
 14276 | Orc:4    | Entered Level 4 of the Orcish Mines
 14339 | Orc:4    | Goblin1989: wow
 14339 | Orc:4    | Goblin1989: long away
 14339 | Orc:4    | Chiseanne: have a digging?
 14339 | Orc:4    | Chiseanne: meh
 14524 | Orc:4    | Found a dark tunnel.
 14534 | Volcano  | Entered a volcano
 14611 | Volcano  | Noticed a centaur warrior
 14625 | Volcano  | Killed a centaur warrior
 15092 | Orc:4    | Quit the game

Action                   |  1- 3 |  4- 6 |  7- 9 | 10-12 || total
-------------------------+-------+-------+-------+-------++-------
Melee: Whip              |       |    41 |       |       ||    41
       Flail             |       |    13 |   224 |   937 ||  1174
       Lajatang          |       |       |       |    35 ||    35
 Fire: Hand crossbow     |    84 |   120 |    65 |     5 ||   274
Invok: Potion Petition   |       |     1 |     1 |     3 ||     5
Evoke: Wand              |       |       |       |     2 ||     2
  Use: Potion            |       |     1 |     4 |     6 ||    11
       Scroll            |       |       |     9 |     7 ||    16
 Stab: Distracted        |       |       |     1 |     5 ||     6
       Sleeping          |       |       |     1 |     3 ||     4
       Invisible         |       |       |       |     4 ||     4
  Eat: Meat ration       |       |     2 |     1 |     1 ||     4
       Beef jerky        |       |     1 |       |     9 ||    10
       Chunk             |       |     1 |       |       ||     1
       Royal jelly       |       |       |     1 |       ||     1
       Pizza             |       |       |     1 |     5 ||     6

Vault maps used:
D:1:      lemuel_arrival_lava_pool, serial_bayou_lake_a
D:2:      marbit_many_paths, ecumenical_altar_1, minmay_unequal
D:3:      lemuel_coloured_pillars_altar, lemuel_zombie_altar_kikubaaqudgha,
          bloody_trog
D:5:      kennysheep_mini_moat, overflow_temple_1_default, first_bread,
          nicolae_tso_besieged_by_evil
D:6:      old_standard_altar, temple_fountains, serial_shops,
          nicolae_shop_trees, hangedman_decor_clover_reticule
D:7:      grunt_livestock, small_statue_intersection, uniq_joseph
D:8:      enter_bailey_3
D:9:      erik_orc_1
D:10:     eino_house_with_fridge
D:11:     grunt_lair_entry_elf_guard_hut, basic_altar, serial_shops,
          nicolae_shop_competitors_out_of_business
D:12:     lemuel_statue_altar
Orc:4:    grunt_orc_tribal_feast, nicolae_volcano_entry_batcave
Bailey:   bailey_axe_2, bailey
Volcano:  volcano_pools
